 Dungeon Crawl Stone Soup version 0.24.0-37-gcf1ca852f1 (webtiles) character file.

Game seed: 1822349461217935020, levelgen mode: deterministic

279 Kobolds4U the Sneak (level 6, -3/32 HPs)
             Began as a Deep Elf Conjurer on Dec 7, 2019.
             Slain by an orc priest
             ... wielding a +0 whip
              (6 damage)
             ... on level 4 of the Dungeon.
             The game lasted 00:11:32 (3587 turns).

Kobolds4U the Sneak (Deep Elf Conjurer)             Turns: 3587, Time: 00:11:33

Health: -3/32      AC:  2    Str:  6    XL:     6   Next: 5%
Magic:  1/14       EV: 13    Int: 20    God:
Gold:   161        SH:  0    Dex: 16    Spells: 3/13 levels left

rFire    . . .     SeeInvis .   e - +0 dagger
rCold    . . .     Gourm    .   (no shield)
rNeg     . . .     Faith    .   a - +0 robe
rPois    .         Spirit   .   (no helmet)
rElec    .         Reflect  .   (no cloak)
rCorr    .         Harm     .   (no gloves)
MR       .....                  (no boots)
Stlth    ++++......             (no amulet)
HPRegen  0.10/turn              (no ring)
MPRegen  0.14/turn              (no ring)

@: no status effects
A: no striking features
a: no special abilities


You were on level 4 of the Dungeon.
You were not hungry.

You visited 1 branch of the dungeon, and saw 4 of its levels.

You collected 161 gold pieces.

Inventory:

Hand Weapons
 e - a +0 dagger (weapon)
 o - a cursed +0 short sword
 p - a +0 short sword
Missiles
 g - 8 boomerangs (quivered)
Armour
 a - a +0 robe (worn)
Wands
 q - a wand of random effects (19)
Scrolls
 b - 3 scrolls of identify {unknown}
 h - a scroll of blinking {unknown}
 j - 4 scrolls of teleportation {unknown}
 l - a scroll of fear {unknown}
 n - a scroll of remove curse {unknown}
 s - a scroll of noise {unknown}
Potions
 d - a potion of mutation {unknown}
 i - a potion of heal wounds {unknown}
 k - a potion of berserk rage
 m - a potion of curing {unknown}
 r - a potion of lignification {unknown}
 t - a potion of degeneration {unknown}
 u - a potion of ambrosia {unknown}
 v - a potion of resistance {unknown}
Comestibles
 c - 9 rations
 f - 3 chunks of flesh


   Skills:
 - Level 2.4 Dodging
 + Level 7.9 Stealth
 - Level 4.0 Spellcasting
 - Level 4.3 Conjurations


You had 3 spell levels left.
You knew the following spells:

 Your Spells              Type           Power        Failure   Level  Hunger
a - Magic Dart            Conj           ###.         2%          1    None
b - Searing Ray           Conj           ###...       3%          2    #......
c - Dazzling Spray        Conj/Hex       ##....       16%         3    ###....
d - Force Lance           Conj/Tloc      ##......     45%         4    ####...

Your spell library contained the following spells:

 Spells                   Type           Power        Failure   Level  Hunger
 Iskenderun's Mystic Bla  Conj           ###.....     22%         4    ####...
 Fulminant Prism          Conj/Hex       ##........   45%         4    ####...


Dungeon Overview and Level Annotations

Branches:
Dungeon (4/15)
 Temple: D:4-7

Altars:
Fedhas


Message History

The searing ray hits the orc priest!
The orc priest is almost dead.
The searing ray hits the orc priest!
You kill the orc priest!
You have reached level 6!
Your experience leads to an increase in your attributes!
Increase (S)trength, (I)ntelligence, or (D)exterity?
You feel agile.
You finish channeling your searing ray.
The orc priest mumbles some strange prayers to Beogh against you.
Pain shoots through your body!
* * * LOW HITPOINT WARNING * * *
Casting: Searing Ray (safe; 3% risk of failure)
Confirm with . or Enter, or press ? or * to list all spells.
Aiming: Dazzling Spray (safe; 16% risk of failure)
Press: ? - help, Shift-Dir - straight line, f - orc priest
Aim: an orc priest, wielding a +0 whip and wearing a cursed +0 leather armour (almost dead)
The spray of energy misses the orc priest.
The orc priest hits you with a +0 whip.
You die...

#.# #.# #.# ### #.#
..# #.# #.# #.# #)#
#.# #o# #.# #@# #.#
#.##############.#
#...........รท.(..#
##################


You could see an orc priest.

Vanquished Creatures
  A hound (D:4)
  An orc priest (D:4)
  An orc wizard (D:4)
  A worker ant (D:4)
  Ijyb (D:3)
  5 adders
  An ooze (D:4)
  3 worms
  4 dart slugs
  7 orcs
  8 bats
  7 giant cockroaches
  8 goblins
  6 hobgoblins
  A quokka (D:3)
  A ball python (D:2)
  6 frilled lizards
  13 kobolds
  3 rats
78 creatures vanquished.

Notes
Turn   | Place    | Note
-------+----------+-------------------------------------------
     0 | D:1      | Kobolds4U the Deep Elf Conjurer began the quest for the
                  | Orb.
     0 | D:1      | Reached XP level 1. HP: 10/10 MP: 6/6
   367 | D:1      | Reached XP level 2. HP: 10/15 MP: 0/8
   440 | D:1      | Learned a level 2 spell: Searing Ray
   664 | D:1      | Reached skill level 3 in Stealth
  1093 | D:2      | Reached XP level 3. HP: 19/19 MP: 4/10
  1111 | D:1      | Reached skill level 4 in Stealth
  1665 | D:2      | Reached skill level 5 in Stealth
  1665 | D:2      | Reached XP level 4. HP: 20/24 MP: 9/12
  2327 | D:3      | Noticed Ijyb
  2337 | D:3      | Killed Ijyb
  2337 | D:3      | Reached skill level 6 in Stealth
  2498 | D:3      | Found a blossoming altar of Fedhas.
  2510 | D:3      | Reached XP level 5. HP: 24/28 MP: 8/13
  3073 | D:4      | HP: 1/28 [poisoned by a worker ant]
  3373 | D:4      | Reached skill level 7 in Stealth
  3519 | D:4      | Learned a level 3 spell: Dazzling Spray
  3524 | D:4      | Learned a level 4 spell: Force Lance
  3586 | D:4      | Reached XP level 6. HP: 17/32 MP: 4/14
  3587 | D:4      | Slain by an orc priest

Levels and vault maps discovered:
D:1:      zelgadis_glass_arrival_small, layout_loops_ring
D:2:      layout_basic, serial_forest, infiniplex_forest_clump_medium,
          infiniplex_forest_lined_room_2, infiniplex_forest_clump_small,
          infiniplex_forest_end_3, infiniplex_forest_clump_tiny,
          infiniplex_forest_straight_2, infiniplex_forest_clump_curved,
          infiniplex_forest_lined_corner
D:3:      layout_loops_ring, old_standard_altar, minmay_misc_feat_ornament,
          serial_bayou_crossing, uniq_ijyb
D:4:      layout_loops_ring, enter_ossuary_3, nicolae_dithmenos_the_darkroom

Skill      XL: |  1  2  3  4  5 |
---------------+----------------+-----
Stealth        | 3 5 6 7 |  7.9
Spellcasting   | 4 |  4.0
Dodging        | |  2.4
Conjurations   | |  4.3

Action                   |  1- 3 |  4- 6 || total
-------------------------+-------+-------++-------
Melee: Unarmed           |    11 |       ||    11
       Dagger            |    55 |    15 ||    70
 Cast: Magic Dart        |    47 |    44 ||    91
       Searing Ray       |     7 |    12 ||    19
       Dazzling Spray    |       |     1 ||     1
  Use: Potion            |       |     1 ||     1
 Stab: Sleeping          |     4 |     5 ||     9
  Eat: Chunk             |     2 |     7 ||     9
Armor: Robe              |    20 |     3 ||    23
Dodge: Dodged            |    77 |    35 ||   112
